 Dungeon Crawl Stone Soup version 0.15.2 (webtiles) character file.

523 MordorOrchid the Practitioner (level 7, -4/46 HPs)
             Began as an Octopode Healer on June 30, 2020.
             Was a Believer of Elyvilon.
             Slain by neka1994's ghost (16 damage)
             ... in an ossuary.
             The game lasted 00:18:06 (3221 turns).

MordorOrchid the Practitioner (Octopode Healer)     Turns: 3221, Time: 00:18:07

HP  -4/46        AC  1     Str 11      XL: 7   Next: 22%
MP  11/13        EV 13     Int 16      God: Elyvilon [**....]
Gold 179         SH  0     Dex 12      Spells:  0 memorised,  6 levels left

rFire  . . .     SeeInvis .     r - +0 cutlass
rCold  . . .     Clarity  .     (no shield)
rNeg   . . .     rCorr    .     (helmet restricted)
rPois  +         rRot     .     (no amulet)
rElec  .         Spirit   .     c - ring of poison resistance
SustAb .         Warding  .     A - +3 ring of slaying
rMut   .         Stasis   .     (no ring)
Gourm  .                        (no ring)
MR     .....                    (no ring)
                                (no ring)
                                (no ring)
                                (no ring)

@: very slightly contaminated, invisible (expiring), not resistant to hostile
enchantments, stealthy
A: almost no armour, amphibious, 8 rings, constrict 8, camouflage 1, gelatinous
body 1
a: Lesser Healing, Lesser Self-Healing, Divine Protection, Purification,
Renounce Religion


You were in an ossuary.
You worshipped Elyvilon.
Elyvilon was pleased with you.
You were not hungry.

You visited 1 branch of the dungeon, and saw 4 of its levels.
You also visited: Ossuary.

You collected 179 gold pieces.

Inventory:

Hand weapons
 o - a +0 short sword
 r - a +0 cutlass (weapon)
 z - a +0 dagger
 F - a +0 blowgun
Missiles
 e - 21 arrows
 f - 19 poisoned needles
 g - 23 stones (quivered)
 s - 20 sling bullets
 t - 6 javelins
 u - 14 poisoned arrows
 x - 10 sling bullets of frost
Magical devices
 v - a wand of teleportation (5)
 D - a wand of disintegration (14) {unknown}
Comestibles
 a - a meat ration
 d - 4 bread rations
 k - a rotting chunk of giant gecko flesh
 q - 2 rotting chunks of hobgoblin flesh
 G - a rotting chunk of giant cockroach flesh
 H - a beef jerky
Scrolls
 i - a scroll of teleportation
 l - a scroll of random uselessness {unknown}
 m - a scroll of recharging {unknown}
 w - a scroll of blinking {unknown}
 E - a scroll of amnesia {unknown}
Jewellery
 c - a ring of poison resistance (left tentacle)
 y - an uncursed amulet of faith {unknown}
 A - a +3 ring of slaying (right tentacle)
Potions
 b - a potion of curing
 n - a potion of mutation {unknown}


   Skills:
 * Level 3.2 Fighting
 * Level 1.7 Short Blades
 * Level 0.2 Throwing
 * Level 4.0 Dodging
 * Level 4.2 Stealth
 * Level 5.4 Invocations


You had 6 spell levels left.
You didn't know any spells.

Dungeon Overview and Level Annotations

Branches:
Dungeon (4/15)
 Temple: D:4-7

Altars:
Fedhas
Qazlal
Sif Muna

Annotations:
Ossuary neka1994's ghost, experienced HOFi


Innate Abilities, Weirdness & Mutations

You cannot wear most types of armour.
You are amphibious.
You can wear up to eight rings at the same time.
You can use your tentacles to constrict many enemies at once.
Your skin changes colour to match your surroundings (Stealth).
Your rubbery body absorbs attacks (AC +1).


Message History

You throw a stone.
The stone hits neka1994's ghost but does no damage.
Neka1994's ghost is lightly damaged.
You flicker for a moment.
Use which ability? (? or * to list)
You are healed.
You feel somewhat more hungry.
Use which ability? (? or * to list)
You are healed.
You feel somewhat more hungry.
You hit neka1994's ghost but do no damage.
Neka1994's ghost is lightly damaged.
Neka1994's ghost hits you!
* * * LOW HITPOINT WARNING * * *
You barely miss neka1994's ghost. You squeeze neka1994's ghost.
Neka1994's ghost is lightly damaged.
Neka1994's ghost hits you.
* * * LOW HITPOINT WARNING * * *
You hit neka1994's ghost but do no damage.
Neka1994's ghost is lightly damaged.
Neka1994's ghost hits you!
You die...

################
...............#
................#
.(..8.(8........#
......(((.....@.#
####..######.W.#
#.. #.(.# #.
#((.# #. #.(.# .
#.(.# . . #.(.# .
#..(# Z #...#


You could see neka1994's ghost.

Vanquished Creatures
  Grinder (D:3)
  A human zombie (D:4)
  2 orc wizards (D:3)
  An iguana (D:4)
  A hound skeleton (D:4)
  2 adders
  3 gnolls (D:4)
  2 worms
  2 giant geckos
  3 orcs (D:3)
  A bat skeleton (D:4)
  5 giant cockroaches
  8 goblins
  8 hobgoblins
  A jackal (D:2)
  12 kobolds
  3 quokkas (D:4)
  12 bats
  2 giant newts
  5 hobgoblin zombies (Ossuary)
  5 kobold zombies (Ossuary)
  5 orc zombies (Ossuary)
  2 rats
87 creatures vanquished.

Vanquished Creatures (others)
  An orc (D:3)
  A ball python (D:3)
  A bat (D:2)
  A jackal (D:2)
  2 kobolds
  A quokka (D:4)
  A goblin (D:4)
  A rat (D:2)
9 creatures vanquished.

Grand Total: 96 creatures vanquished

Notes
Turn   | Place    | Note
--------------------------------------------------------------
     0 | D:1      | MordorOrchid, the Octopode Healer, began the quest for the Orb.
     0 | D:1      | Reached XP level 1. HP: 13/13 MP: 2/2
   435 | D:1      | Reached XP level 2. HP: 15/18 MP: 3/3
   569 | D:1      | Reached skill level 1 in Stealth
   789 | D:1      | Reached XP level 3. HP: 12/23 MP: 5/5
  1462 | D:2      | Found a blossoming altar of Fedhas.
  1554 | D:3      | Reached XP level 4. HP: 26/28 MP: 4/7
  1658 | D:3      | Noticed Grinder
  1888 | D:3      | Killed Grinder
  1888 | D:3      | Reached skill level 1 in Short Blades
  1888 | D:3      | Reached skill level 4 in Invocations
  1888 | D:3      | Reached XP level 5. HP: 21/36 MP: 5/9
  1888 | D:3      | Reached XP level 6. HP: 23/41 MP: 6/11
  1909 | D:3      | Found a stormy altar of Qazlal.
  2232 | D:3      | Found a deep blue altar of Sif Muna.
  2632 | D:4      | Reached skill level 5 in Invocations
  2659 | D:4      | Reached XP level 7. HP: 31/46 MP: 13/13
  2787 | D:4      | Found a sand-covered staircase.
  2947 | Ossuary  | Entered an ossuary
  3162 | Ossuary  | Noticed neka1994's ghost (experienced HOFi)
  3221 | Ossuary  | Slain by neka1994's ghost

Action                   |  1- 3 |  4- 6 |  7- 9 || total
-------------------------+-------+-------+-------++-------
Melee: Unarmed           |     9 |       |       ||     9
       Whip              |     6 |       |       ||     6
       Dagger            |    28 |       |       ||    28
       Short sword       |    36 |       |       ||    36
       Cutlass           |     7 |    73 |    50 ||   130
Throw: Javelin           |       |     3 |       ||     3
       Stone             |       |       |    66 ||    66
Invok: Lesser Healing    |    19 |    27 |     4 ||    50
       Lesser Self-Heali |     3 |     5 |     2 ||    10
  Use: Potion            |       |     4 |     2 ||     6
       Scroll            |       |     2 |       ||     2
 Stab: Sleeping          |     4 |     3 |     3 ||    10
       Invisible         |       |       |     2 ||     2
  Eat: Chunk             |     3 |     9 |     3 ||    15
       Pizza             |     1 |       |       ||     1
